 Seeded DCSS version 0.24.1-14-gf8d2b509d9 (webtiles) character file.

Game seed: 519018287, levelgen mode: deterministic

4309 Mrkan the Grappler (level 10, -3/102 HPs)
             Began as a Troll Monk on May 21, 2020.
             Was a High Priest of Fedhas.
             Splashed by Harold's acid (13 damage)
             ... on level 8 of the Dungeon.
             The game lasted 00:10:37 (6032 turns).

Mrkan the Grappler (Troll Monk)                     Turns: 6032, Time: 00:10:39

Health: -3/102     AC: 10    Str: 21    XL:     10   Next: 11%
Magic:  13/13      EV:  3    Int:  4    God:    Fedhas [*****.]
Gold:   515        SH: 18    Dex: 12    Spells: 9/9 levels left

rFire    + + .     SeeInvis .     - Unarmed
rCold    x . .     Gourm    +   H - +7 large shield of the Guild-Master {rPois rN+ MR+ Int-5}
rNeg     + . .     Faith    .   d - +0 fire dragon scales
rPois    +         Spirit   .   (helmet restricted)
rElec    .         Reflect  .   j - +1 cloak
rCorr    .         Harm     .   (gloves unavailable)
MR       +....                  (boots unavailable)
Stlth    ..........             (no amulet)
HPRegen  0.67/turn              (no ring)
MPRegen  0.13/turn              (no ring)

@: marked, corroded
A: large, unfitting armour, claws 3, fast metabolism 3, gourmand, regeneration
1, shaggy fur 1, tough skin 3
a: Wall of Briars, Grow Ballistomycete, Overgrow, Grow Oklob, Renounce Religion


You were on level 8 of the Dungeon.
You worshipped Fedhas.
Fedhas was extremely pleased with you.
You were very full.

You visited 1 branch of the dungeon, and saw 9 of its levels.
You also visited: Sewer.

You collected 515 gold pieces.

Inventory:

Hand Weapons
 C - a +0 giant club
Missiles
 q - 6 javelins (quivered)
Armour
 d - +0 fire dragon scales (worn)
 j - a +1 cloak (worn)
 H - the +7 large shield of the Guild-Master (worn) {rPois rN+ MR+ Int-5}
   (You found it on level 7 of the Dungeon)

   It affects your intelligence (-5).
   It protects you from poison.
   It protects you from negative energy.
   It affects your resistance to hostile enchantments.
Jewellery
 i - an uncursed ring of see invisible {unknown}
 n - an uncursed amulet of magic regeneration {unknown}
 E - a cursed amulet of inaccuracy {unknown}
 J - an uncursed amulet of magic regeneration {unknown}
Wands
 k - a wand of flame (12)
 r - a wand of random effects (17)
 G - a wand of clouds (4)
Scrolls
 c - 8 scrolls of remove curse {unknown}
 e - 2 scrolls of random uselessness {unknown}
 h - 8 scrolls of identify {unknown}
 l - 2 scrolls of magic mapping {unknown}
 m - 2 scrolls of blinking {unknown}
 o - 3 scrolls of immolation {unknown}
 t - 3 scrolls of noise {unknown}
 u - a scroll of enchant weapon {unknown}
 w - 6 scrolls of teleportation {unknown}
 x - 3 scrolls of amnesia {unknown}
 y - a scroll of fear {unknown}
 D - 2 scrolls of enchant armour {unknown}
Potions
 a - 3 potions of curing {unknown}
 f - 3 potions of agility {unknown}
 g - 3 potions of mutation {unknown}
 p - a potion of ambrosia {unknown}
 s - a potion of berserk rage {unknown}
 v - 5 potions of flight {unknown}
 z - 3 potions of brilliance {unknown}
 A - a potion of cancellation {unknown}
 B - a potion of magic {unknown}
 F - a potion of heal wounds {unknown}
 I - a potion of haste {unknown}
Comestibles
 b - 12 rations
 K - 3 chunks of flesh


   Skills:
 + Level 7.5 Fighting
 - Level 2.4 Dodging
 - Level 1.0 Stealth
 - Level 10.6 Unarmed Combat
 * Level 5.7 Invocations


You had 9 spell levels left.
You didn't know any spells.
Your spell library contained the following spells:

 Spells                   Type           Power        Failure   Level  Hunger
 Animate Skeleton         Necr           N/A          100%        1    ##.....
 Apportation              Tloc           #.....       100%        1    ##.....
 Confusing Touch          Hex            #.....       100%        1    ##.....
 Summon Small Mammal      Summ           #...         100%        1    ##.....


Dungeon Overview and Level Annotations

Branches:
Dungeon (9/15)             Temple (0/1) D:5           Sewer (visited)
   Lair: D:8-11         Orc: D:9-12

Altars:
Ashenzari
Dithmenos
Fedhas
Makhleb
Nemelex Xobeh
Ru
Sif Muna
Zin

Shops:
D:5 [

Annotations:
D:8 Harold


Innate Abilities, Weirdness & Mutations

You are too large for most types of armour.
You have claws for hands.
Your metabolism is lightning-fast.
You like to eat raw meat.
Your natural rate of healing is unusually fast.
You are covered in fur. (AC +1)
You have extremely tough skin. (AC +3)


Message History

You claw Harold!
Harold is lightly wounded.
Harold zaps a wand.
The bolt of acid hits you! The acid corrodes you!
You are splashed with acid!
* * * LOW HITPOINT WARNING * * *
You claw Harold!
Harold is moderately wounded.
Harold casts a spell at you. The mark upon you grows brighter.
You scratch Harold.
Harold is moderately wounded.
Harold hits you with a +0 dire flail.
* * * LOW HITPOINT WARNING * * *
You scratch Harold but do no damage.
Harold is moderately wounded.
Harold zaps a wand.
The bolt of acid hits you!
* * * LOW HITPOINT WARNING * * *
You are splashed with acid!
You die...
Fedhas appreciates your contribution to the ecosystem.

##..## ## ## #....#
##..### .## #.... ..#
...##..#### #...# #.#
.........# #...# #.#
......[.. #..#.## #.#
#.....##.# #.##..###.#
##........#
..###..##.####..@......#
.......>.......@..#....#
...#............### ...
####.....####..... . #
##.....# ###..## ##
##..#..# .###
.###..###.# . .....##
..# .. ##...# #...#


You could see Harold.

Vanquished Creatures
  Erica (D:8)
  A water moccasin (D:4)
  An orc warrior (D:6)
  A sky beast (D:6)
  2 ice beasts
  A black bear (D:7)
  6 ogres
  A necrophage (D:9)
  3 centaurs
  3 big kobolds (Sewer)
  A bullfrog (D:7)
  A water moccasin skeleton (D:4)
  5 scorpions
  6 killer bees (D:7)
  3 crimson imps
  A bullfrog zombie (D:6)
  A quasit (D:8)
  A centaur zombie (D:5)
  5 orc priests
  3 hounds
  2 bullfrog skeletons
  A centaur skeleton (D:4)
  An iguana (D:9)
  Jessica (D:2)
  A gnoll shaman (D:7)
  Ijyb (D:3)
  6 orc wizards
  6 worker ants
  2 hound skeletons
  11 gnolls
  19 adders
  3 river rats
  2 shadow imps
  3 adder zombies
  4 worms
  4 dart slugs
  4 leopard geckos
  27 orcs
  11 giant cockroaches
  5 goblins
  10 hobgoblins
  7 jackals
  3 quokkas
  3 ball pythons
  9 bats
  2 frilled lizards
  A jackal skeleton (D:4)
  14 kobolds
  A leopard gecko skeleton (D:4)
  11 rats
222 creatures vanquished.

Vanquished Creatures (others)
  An orc (D:8)
1 creature vanquished.

Grand Total: 223 creatures vanquished

Notes
Turn   | Place    | Note
-------+----------+-------------------------------------------
     0 | D:1      | Mrkan the Troll Monk began the quest for the Orb.
     0 | D:1      | Reached XP level 1. HP: 22/22 MP: 0/0
    92 | D:1      | Reached XP level 2. HP: 29/29 MP: 1/1
   397 | D:1      | Reached XP level 3. HP: 36/36 MP: 2/2
   731 | D:2      | Noticed Jessica
   740 | D:2      | Reached skill level 4 in Unarmed Combat
   744 | D:2      | Killed Jessica
   798 | D:2      | Found a glowing silver altar of Zin.
   865 | D:2      | Reached XP level 4. HP: 45/45 MP: 3/3
   915 | D:2      | Found a blossoming altar of Fedhas.
   925 | D:2      | Became a worshipper of Fedhas Madash
   925 | D:2      | Reached * piety under Fedhas
   925 | D:2      | Reached ** piety under Fedhas
  1396 | D:3      | Found a sparkling altar of Nemelex Xobeh.
  1648 | D:3      | Noticed Ijyb
  1656 | D:3      | Killed Ijyb
  1660 | D:3      | Reached skill level 5 in Unarmed Combat
  1778 | D:3      | Reached XP level 5. HP: 53/53 MP: 4/4
  1855 | D:3      | Found a shadowy altar of Dithmenos.
  1857 | D:3      | Found a sacrificial altar of Ru.
  1858 | D:3      | Found a burning altar of Makhleb.
  1859 | D:3      | Found a shattered altar of Ashenzari.
  2068 | D:4      | Found the +4 robe of Augmentation {Str+4 Int+4 Dex+4}
  2098 | D:4      | Reached XP level 6. HP: 56/62 MP: 5/5
  2120 | D:4      | Reached skill level 6 in Unarmed Combat
  2142 | D:4      | Reached *** piety under Fedhas
  2208 | D:4      | You fall into a shaft and drop 2 floors!
  2236 | D:5      | Entered Level 5 of the Dungeon
  2265 | D:5      | Reached XP level 7. HP: 70/70 MP: 6/6
  2365 | D:4      | Reached skill level 7 in Unarmed Combat
  2768 | D:5      | Reached skill level 8 in Unarmed Combat
  2805 | D:5      | Reached skill level 5 in Fighting
  2874 | D:5      | Found a glowing drain.
  2885 | Sewer    | Entered a sewer
  2922 | Sewer    | Reached XP level 8. HP: 78/80 MP: 7/7
  2932 | Sewer    | Reached **** piety under Fedhas
  3298 | D:5      | Reached skill level 9 in Unarmed Combat
  3324 | D:5      | Found Sorheecu's Armour Shop.
  3326 | D:5      | Identified the +8 mace of Fekoc {pain, Int+4 Dex+4}
  3482 | D:5      | Found a staircase to the Ecumenical Temple.
  4034 | D:6      | Reached skill level 10 in Unarmed Combat
  4099 | D:6      | You fall into a shaft and drop 3 floors!
  4107 | D:9      | Reached XP level 9. HP: 68/89 MP: 8/8
  4285 | D:7      | Reached ***** piety under Fedhas
  4322 | D:7      | Got a warped large shield
  4328 | D:7      | Identified the +7 large shield of the Guild-Master {rPois
                  | rN+ MR+ Int-5} (You found it on level 7 of the Dungeon)
  4502 | D:7      | Found a shimmering blue altar of Sif Muna.
  4716 | D:7      | Reached skill level 1 in Invocations
  5972 | D:8      | Noticed Erica
  5992 | D:8      | Killed Erica
  5992 | D:8      | Reached skill level 5 in Invocations
  5992 | D:8      | Reached XP level 10. HP: 70/102 MP: 11/13
  6015 | D:8      | Noticed Harold
  6032 | D:8      | Splashed by Harold's acid

Levels and vault maps discovered:
D:1:      lemuel_arrival_funnel, layout_basic
D:2:      layout_rooms, lemuel_coloured_pillars_altar, lemuel_statue_altar,
          uniq_jessica
D:3:      layout_loops_ring, nemelex_xobeh_ov_fountains_minmay, minitemple,
          first_ration, chequers_serial_rivers_large_a, uniq_ijyb
D:4:      layout_cave_pools, sigmund_army
D:5:      layout_loops_ring, minmay_temple_entry_mini_moons,
          portal_sewer_entry_e, serial_shops, shop_coins, minmay_misc_feat_rows,
          minmay_fractal_squares_diagonal_5
D:6:      layout_basic, chequers_avenue, chequers_mini_garden
D:7:      layout_loops_corners, led_sif_book
D:8:      layout_layer_cave, enter_ossuary_5, solitary_fountain,
          hangedman_little_slice_of_home, uniq_harold, uniq_maurice, uniq_erica
D:9:      layout_irregular_city, serial_shops, shop, minmay_ruffians

Skill      XL: |  1  2  3  4  5  6  7  8  9 |
---------------+----------------------------+-----
Unarmed Combat | 4 5 6 8 10 | 10.6
Fighting       | 3 4 5 6 7 |  7.5
Invocations    | 5 |  5.7
Dodging        | |  2.4
Stealth        | |  1.0

Action                   |  1- 3 |  4- 6 |  7- 9 | 10-12 || total
-------------------------+-------+-------+-------+-------++-------
Melee: Unarmed           |    93 |   162 |   460 |    17 ||   732
       Punch             |       |     4 |     9 |       ||    13
 Stab: Sleeping          |     1 |       |       |       ||     1
  Eat: Chunk             |     9 |    18 |    33 |       ||    60
Armor: Robe              |     8 |       |       |       ||     8
       Fire dragon scale |    69 |   140 |   241 |     1 ||   451
Dodge: Dodged            |    44 |    96 |   128 |     1 ||   269
Block: Large shield      |       |       |   190 |     4 ||   194
